 Dungeon Crawl Stone Soup version 0.21-a0-401-g0b6bec4 (webtiles) character file.

141383 grizmgrazm2 the Warrior (level 17, -5/117 HPs)
             Began as a Gargoyle Fighter on Oct 22, 2017.
             Was the Champion of Okawaru.
             Slain by a seven-headed hydra simulacrum (19 damage)
             ... on level 4 of the Swamp.
             The game lasted 01:42:27 (27997 turns).

grizmgrazm2 the Warrior (Gargoyle Fighter)         Turns: 27997, Time: 01:42:27

Health: -5/117     AC: 47    Str: 30    XL:     17   Next: 33%
Magic:  26/26      EV:  5    Int:  9    God:    Okawaru [******]
Gold:   2488       SH: 21    Dex:  9    Spells: 16/16 levels left

rFire    . . .     SeeInvis .   X - +2 demon whip (elec)
rCold    . . .     Gourm    .   S - +0 large shield
rNeg     + . .     Faith    +   Q - +2 crystal plate armour
rPois    ∞         Spirit   .   B - +4 hat of Patterns {*Contam +Fly rCorr Slay+4}
rElec    +         Reflect  .   (no cloak)
rCorr    +         Harm     .   J - +1 pair of gloves {Str+3}
MR       ++...     NoTele   +   t - +0 pair of boots
Stlth    ..........             F - amulet of faith
HPRegen  0.29/turn              R - ring of protection from magic
MPRegen  0.20/turn              r - ring "Pefauwem" {-Tele rElec MP+9 AC+4 Stlth+}

@: flying
A: big wings, negative energy resistance 1, screaming 1, electricity resistance,
unbreathing, petrification resistance, rot immunity, AC +12
a: Stop Flying, Heroism, Finesse, Renounce Religion


You were on level 4 of the Swamp.
You worshipped Okawaru.
Okawaru was exalted by your worship.
You were not hungry.

You visited 5 branches of the dungeon, and saw 28 of its levels.
You also visited: Ice Cave.

You collected 3229 gold pieces.
You spent 741 gold pieces at shops.

Inventory:

Hand Weapons
 n - a +3 vampiric lajatang
 q - the +3 broad axe "Moeczoka" {speed, +Inv rElec MR-}
   (Okawaru gifted it to you on level 3 of the Lair of Beasts)

   Attacks with this weapon are significantly faster.
   It insulates you from electricity.
   It affects your resistance to hostile enchantments.
   It lets you turn invisible.
 W - the +1 lajatang of the Thirteen Scars {elec, Str+3 Int+3, unknown}
   (Okawaru gifted it to you on level 15 of the Dungeon)

   Occasionally, upon striking a foe, it will discharge some electrical energy
   and cause terrible harm.
   It affects your strength (+3).
   It affects your intelligence (+3).
 X - a +2 demon whip of electrocution (weapon)
Missiles
 i - 3 silver javelins (quivered)
Armour
 a - the scarf of Nobility {*Contam Str+6 Dex+3 Stlth+}
   (Okawaru gifted it to you in an ice cave)

   It affects your strength (+6).
   It affects your dexterity (+3).
   It causes magical contamination when unequipped.
   It makes you more stealthy.
 d - a scarf of resistance
 j - a +0 chain mail of cold resistance
 t - a +0 pair of boots (worn)
 B - the +4 hat of Patterns (worn) {*Contam +Fly rCorr Slay+4}
   (You acquired it on level 8 of the Dungeon)

   It affects your accuracy and damage with ranged weapons and melee attacks
   (+4).
   It lets you fly.
   It causes magical contamination when unequipped.
   It protects you from acid and corrosion.
 J - a +1 pair of gloves of strength (worn)
 K - a scarf of cloud immunity
 Q - a +2 crystal plate armour (worn)
 S - a +0 large shield (worn)
Jewellery
 b - an uncursed ring of ice
 c - an uncursed ring of protection from cold {unknown}
 o - an uncursed ring of protection from cold {unknown}
 r - the ring "Pefauwem" (right hand) {-Tele rElec MP+9 AC+4 Stlth+}
   (You found it on level 3 of the Lair of Beasts)

   [ring of protection]

   It affects your AC (+4).
   It insulates you from electricity.
   It affects your magic capacity (+9).
   It prevents most forms of teleportation.
   It makes you more stealthy.
 z - a cursed -2 ring of protection {unknown}
 F - an amulet of faith (around neck)
 R - a ring of protection from magic (left hand)
Scrolls
 h - 2 scrolls of fear
 l - 2 scrolls of blinking
 u - 13 scrolls of teleportation
 w - 19 scrolls of remove curse
 x - 2 scrolls of summoning
 y - 3 scrolls of amnesia
 A - 7 scrolls of identify
 E - 3 scrolls of brand weapon
 H - 2 scrolls of fog
 I - 3 scrolls of recharging
 L - a scroll of holy word
Potions
 e - 2 potions of ambrosia
 k - 6 potions of cancellation
 m - a potion of brilliance
 p - 2 potions of agility
 s - 2 potions of invisibility
 D - a potion of haste
 P - 2 potions of magic
 U - a potion of curing
Comestibles
 f - 15 bread rations
 g - 12 meat rations
 v - 8 royal jellies
 C - 32 fruits
 G - a chunk of flesh


   Skills:
 * Level 17.0 Fighting
 + Level 14.2(15.6) Axes
 + Level 12.4(15.6) Maces & Flails
 + Level 4.1(9.2) Staves
 + Level 11.2 Armour
 + Level 3.5 Dodging
 - Level 0.5 Stealth
 + Level 14.3 Shields
 + Level 0.8 Invocations


You had 16 spell levels left.
You didn't know any spells.

Dungeon Overview and Level Annotations

Branches:
Dungeon (15/15)            Temple (1/1) D:6            Lair (6/6) D:11
  Swamp (4/4) Lair:3       Spider (0/4) Lair:2        Slime (0/5) Lair:5
    Orc (2/2) D:11            Elf (0/3) Orc:2        Vaults (0/5) D:14
 Depths (0/5) D:15

Altars:
Ashenzari
Cheibriados
Dithmenos
Elyvilon
Fedhas
Gozag
Hepliaklqana
Kikubaaqudgha
Makhleb
Nemelex Xobeh
Okawaru
Qazlal
Ru
Sif Muna
Trog
Uskayaw
Vehumet
Wu Jian
Xom
Yredelemnul
Zin
The Shining One
Beogh
Jiyva

Shops:
D:6 %   D:8 ?[*   D:9 %   D:12 }%[   D:15 *   Orc:1 [   Orc:2 (!%*

Annotations:
D:7 Prince Ribbit


Innate Abilities, Weirdness & Mutations

You are resistant to torment.
Your stone body is resilient. (AC +12)
You are immune to poison.
Your large and strong wings let you fly indefinitely.
You resist negative energy. (rN+)
You are resistant to electric shocks. (rElec)
You can survive without breathing.
You are immune to petrification.
You are immune to rotting.
You occasionally shout uncontrollably at your foes.


Message History

The seven-headed hydra simulacrum bites you but does no damage.
The eight-headed hydra simulacrum bites you.
The eight-headed hydra simulacrum freezes you!!
The eight-headed hydra simulacrum bites you!
The eight-headed hydra simulacrum freezes you!!!
The eight-headed hydra simulacrum barely misses you. x2
The eight-headed hydra simulacrum bites you but does no damage. x4
You hit the seven-headed hydra simulacrum.
The seven-headed hydra simulacrum is almost destroyed.
Unknown command.
You feel better.
You block the seven-headed hydra simulacrum's attack. x2
The seven-headed hydra simulacrum bites you.
The seven-headed hydra simulacrum freezes you!!!
* * * LOW HITPOINT WARNING * * *
You block the seven-headed hydra simulacrum's attack.
The seven-headed hydra simulacrum bites you.
* * * LOW HITPOINT WARNING * * *
The seven-headed hydra simulacrum freezes you!!
You die...

≈≈≈≈≈.♣
≈..♣♣♣≈..♣≈..≈§≈.♣
≈≈≈≈♣♣♣
≈≈.≈.♣♣≈≈♣♣≈≈≈≈.♣ ≈≈≈≈≈♣
♣♣≈≈≈≈...♣♣≈≈≈≈.♣
≈≈≈..♣♣
♣♣♣..≈≈§≈..≈♣≈.<.♣♣
..♣♣≈≈♣ .
♣♣....≈≈.≈≈≈≈.♣♣♣≈≈♣
≈≈≈♣♣♣♣
≈§♣♣≈≈♣..≈.≈♣♣≈≈≈♣ ≈♣≈≈
≈≈≈♣
≈§....≈".≈.....≈♣≈≈≈.≈≈♣
≈.♣♣
≈..≈≈≈§....≈≈..≈♣.....≈≈
.♣♣
...≈≈.Z@≈≈≈..≈......≈≈.≈
♣♣
≈.....[Z.§≈≈≈..♣♣♣♣≈≈≈..
≈.♣♣.....≈≈≈≈≈≈♣ ≈≈.≈
♣..♣♣.§≈≈≈§.♣ ≈.≈
....♣≈..≈≈≈≈.♣
≈≈≈≈.≈♣§.≈≈≈≈.♣ ≈≈≈≈≈
♣....≈≈≈≈ ≈≈..§ .♣♣.≈≈§


You could see an eight-headed hydra simulacrum and a seven-headed hydra
simulacrum.

Vanquished Creatures
  Bai Suzhen (Swamp:3)
  Nikola (Swamp:3)
  A tentacled monstrosity (Swamp:3)
  5 thorn hunters
  Roxanne (D:14)
  An azure jelly (Swamp:4)
  Louise (D:14)
  Aizul (Swamp:4)
  Azrael (D:13)
  An ettin (shapeshifter) (D:15)
  Fannar (D:11)
  Erolcha (Orc:1)
  19 hydras
  2 vault guards (D:14)
  An ice dragon (Swamp:4)
  Harold (Lair:1)
  3 centaur warriors (D:14)
  A ghost crab (Swamp:4)
  6 alligators
  6 two-headed ogres
  A catoblepas (Lair:6)
  A death yak (Lair:6)
  A tengu warrior (D:15)
  6 orc high priests
  Sonja (D:11)
  An unseen horror (D:11)
  3 skeletal warriors (D:13)
  A swamp dragon (Swamp:3)
  10 orc knights
  2 shambling mangroves
  2 spriggan druids
  A glowing orange brain (D:15)
  Pikel (D:8)
  4 wizards (D:14)
  A wolf spider zombie (D:14)
  A necromancer (D:14)
  A deep elf mage (D:14)
  An oklob plant (Lair:2)
  2 orc sorcerers (Orc:1)
  2 cyclopes
  5 ugly things
  2 manticores
  2 centaur zombies
  3 ice statues (IceCv)
  A black mamba (shapeshifter) (D:15)
  A gargoyle (D:14)
  Joseph (Lair:1)
  3 centaur skeletons
  A spiny frog (shapeshifter) (D:15)
  A kobold demonologist (D:12)
  A rime drake (Lair:2)
  14 spiny frogs
  7 komodo dragons
  A tengu conjurer (D:15)
  6 trolls
  3 freezing wraiths (Swamp:4)
  2 polar bears
  A wolf spider simulacrum (D:15)
  16 hornets
  6 tyrant leeches
  9 blink frogs (Lair:6)
  A bog body (Swamp:2)
  24 slime creatures
  11 hippogriffs
  2 dream sheep (D:8)
  15 spriggans
  A redback (Lair:2)
  5 wraiths
  A vampire (D:14)
  19 humans (D:14)
  2 hogs (Swamp:4)
  3 basilisks
  6 shadows
  2 wyverns
  6 fire elementals (D:13)
  32 yaks
  A basilisk (shapeshifter) (D:14)
  2 hungry ghosts
  4 swamp worm simulacra (Swamp:4)
  A steam dragon (Lair:4)
  5 vampire mosquitoes (D:14)
  4 wargs
  18 swamp worms
  4 water moccasins
  3 hydra simulacra (Swamp:4)
  4 soldier ants
  4 acid dragons
  A hell hound (D:13)
  7 porcupines
  11 swamp drakes
  10 black bears
  A slave (D:8)
  38 orc warriors
  2 sky beasts
  24 ice beasts
  14 ogres
  An eye of draining (D:12)
  2 phantoms (D:6)
  11 centaurs
  4 boggarts (Lair:6)
  26 wolves
  11 crocodiles
  20 bullfrogs
  4 big kobolds
  A wyvern zombie (D:7)
  A hornet simulacrum (D:12)
  2 wyvern skeletons
  6 scorpions
  7 wights
  51 killer bees
  2 electric eels
  A howler monkey (D:6)
  4 lava snakes (D:13)
  5 crimson imps
  5 quasits
  7 hounds
  32 orc priests
  3 bullfrog zombies
  5 jellies
  18 orc wizards
  A bullfrog skeleton (D:10)
  2 hell rats (Lair:1)
  4 iguanas
  10 worker ants
  A hound zombie (D:5)
  3 hound skeletons
  2 howler monkey skeletons
  A howler monkey zombie (D:5)
  2 worker ant zombies
  2 gnolls (D:1)
  9 adders
  6 river rats (Lair:1)
  2 shadow imps
  2 white imps (D:12)
  3 swamp drake simulacra (Swamp:4)
  An ufetubus (D:12)
  2 oozes
  An adder skeleton (D:4)
  An adder zombie (D:6)
  A worm (D:5)
  3 dart slugs
  A leopard gecko (D:1)
  80 orcs
  5 giant cockroaches
  12 goblins
  4 hobgoblins
  11 jackals
  20 kobolds
  5 quokkas
  3 ball pythons
  6 bats
  2 frilled lizards (D:1)
  2 leopard gecko zombies
  A quokka skeleton (D:5)
  12 rats
  7 briar patches
  3 fungi
  4 plants
938 creatures vanquished.

Vanquished Creatures (others)
  Kirke (Swamp:4)
  A spriggan druid (Swamp:4)
  6 slime creatures (Swamp:4)
  4 hogs (Swamp:4)
  A swamp drake (Swamp:4)
  A crocodile (Lair:4)
  An iguana (D:14)
  An orc (Orc:1)
  A fungus (Lair:1)
  A plant (Lair:1)
18 creatures vanquished.

Grand Total: 956 creatures vanquished

Notes
Turn   | Place    | Note
-------+----------+-------------------------------------------
     0 | D:1      | grizmgrazm2 the Gargoyle Fighter began the quest for the Orb.
     0 | D:1      | Reached XP level 1. HP: 14/14 MP: 1/1
    48 | D:1      | Reached XP level 2. HP: 19/19 MP: 2/2
   342 | D:1      | Reached XP level 3. HP: 18/24 MP: 3/3
   564 | D:1      | Reached skill level 4 in Fighting
   585 | D:1      | Reached XP level 4. HP: 25/29 MP: 4/4
  1760 | D:3      | Found a shattered altar of Ashenzari.
  1760 | D:3      | Found a white marble altar of Elyvilon.
  1939 | D:3      | Reached XP level 5. HP: 25/34 MP: 5/5
  2385 | D:4      | Found a snail-covered altar of Cheibriados.
  2580 | D:4      | Reached XP level 6. HP: 29/39 MP: 6/6
  3030 | D:4      | Found Uhosuy's Magic Scroll Shop.
  3055 | D:4      | Bought a scroll of fear for 35 gold pieces
  3055 | D:4      | Bought a scroll of immolation for 35 gold pieces
  3055 | D:4      | Bought a scroll of enchant weapon for 75 gold pieces
  3055 | D:4      | Bought a scroll of summoning for 95 gold pieces
  3067 | D:4      | Bought a scroll of identify for 20 gold pieces
  3189 | D:5      | Entered Level 5 of the Dungeon
  3403 | D:5      | Found an opulent altar of Gozag.
  3921 | D:6      | Found a staircase to the Ecumenical Temple.
  3930 | Temple   | Entered the Ecumenical Temple
  4079 | Temple   | Became a worshipper of Warmaster Okawaru
  4129 | D:6      | Reached skill level 5 in Fighting
  4129 | D:6      | Reached XP level 7. HP: 33/44 MP: 7/7
  4173 | D:6      | Reached skill level 5 in Armour
  4179 | D:6      | Reached * piety under Okawaru
  4179 | D:6      | Reached skill level 5 in Maces & Flails
  4234 | D:6      | Found Ivijofim's Food Shop.
  4434 | D:6      | Reached XP level 8. HP: 49/50 MP: 8/8
  4601 | D:4      | Bought 3 scrolls of remove curse for 90 gold pieces
  4601 | D:4      | Bought a scroll of identify for 20 gold pieces
  4601 | D:4      | Bought a scroll of identify for 20 gold pieces
  4601 | D:4      | Bought a scroll of remove curse for 30 gold pieces
  4713 | D:6      | Reached skill level 5 in Shields
  4911 | D:6      | Reached ** piety under Okawaru
  4917 | D:6      | Reached skill level 6 in Fighting
  4992 | D:7      | Found a bloodstained altar of Trog.
  5005 | D:7      | Noticed Prince Ribbit
  5156 | D:7      | Found a hazy altar of Hepliaklqana.
  5278 | D:7      | Noticed a hippogriff
  5295 | D:7      | Killed a hippogriff
  5295 | D:7      | Reached XP level 9. HP: 45/56 MP: 9/9
  5679 | D:7      | Reached skill level 1 in Axes
  5687 | D:7      | Reached *** piety under Okawaru
  6331 | D:8      | Noticed a two-headed ogre
  6342 | D:8      | Killed a two-headed ogre
  6342 | D:8      | Reached **** piety under Okawaru
  6342 | D:8      | Reached skill level 7 in Fighting
  6584 | D:8      | Found Otuschuo's Assorted Antiques.
  6615 | D:8      | Bought a scroll labeled JEWURGH XEMES for 30 gold pieces
  6615 | D:8      | Bought a scroll labeled GOASING IGEDU for 30 gold pieces
  6615 | D:8      | Bought a scroll labeled JEWURGH XEMES for 30 gold pieces
  6645 | D:8      | Found Kessuej's Armour Shop.
  6667 | D:8      | Bought a +1 pair of gloves of strength for 231 gold pieces
  6678 | D:8      | Identified 2 scrolls of acquirement
  6691 | D:8      | Got a jewelled hat
  6702 | D:8      | Identified the +4 hat of Patterns {*Contam +Fly rCorr Slay+4} (You acquired it on level 8 of the Dungeon)
  6736 | D:8      | Noticed a two-headed hydra
  6759 | D:8      | Killed a two-headed hydra
  6759 | D:8      | Reached skill level 8 in Fighting
  6759 | D:8      | Reached XP level 10. HP: 58/64 MP: 10/10
  6767 | D:8      | Reached ***** piety under Okawaru
  6962 | D:8      | Reached skill level 5 in Axes
  6963 | D:8      | Received a gift from Okawaru
  7068 | D:8      | Found Ysui's Magic Scroll Shoppe.
  7119 | D:8      | Noticed Pikel
  7134 | D:8      | Killed Pikel
  7186 | D:9      | Noticed a two-headed ogre
  7201 | D:9      | Killed a two-headed ogre
  7266 | D:9      | Reached skill level 9 in Fighting
  7297 | D:9      | Reached XP level 11. HP: 57/71 MP: 11/11
  7323 | D:9      | Reached skill level 1 in Staves
  7896 | D:9      | Noticed a two-headed ogre
  7912 | D:9      | Killed a two-headed ogre
  7912 | D:9      | Received a gift from Okawaru
  8101 | D:9      | Found Tablojy's Food Emporium.
  8264 | D:10     | Entered Level 10 of the Dungeon
  8925 | D:11     | Found a staircase to the Orcish Mines.
  8940 | D:11     | Killed an unseen horror
  8940 | D:11     | Received a gift from Okawaru
  8941 | D:11     | Got a brightly glowing ring mail {god gift}
  8952 | D:11     | Identified the +4 ring mail of Fynuki {Dex+7} (Okawaru gifted it to you on level 11 of the Dungeon)
  9032 | D:11     | Reached skill level 10 in Fighting
  9116 | D:11     | Found a roughly hewn altar of Beogh.
  9196 | D:11     | Noticed Fannar
  9222 | D:11     | Killed Fannar
  9245 | D:11     | Reached skill level 1 in Dodging
  9261 | D:11     | Found a staircase to the Lair.
  9931 | D:11     | Reached XP level 12. HP: 78/78 MP: 12/12
 10050 | D:11     | Noticed Sonja
 10061 | D:11     | Killed Sonja
 10168 | D:11     | Reached skill level 10 in Maces & Flails
 10323 | Lair:1   | Entered Level 1 of the Lair of Beasts
 10674 | Lair:1   | Reached ****** piety under Okawaru
 10680 | Lair:1   | Received a gift from Okawaru
 10682 | Lair:1   | Noticed an eight-headed hydra
 10693 | Lair:1   | Killed an eight-headed hydra
 10957 | Lair:1   | Reached skill level 11 in Fighting
 11272 | Lair:1   | Noticed Joseph
 11286 | Lair:1   | Killed Joseph
 11587 | Lair:1   | Noticed Harold
 11602 | Lair:1   | Reached skill level 10 in Shields
 11610 | Lair:1   | Killed Harold
 12864 | Lair:2   | Found a hole to the Spider Nest.
 12994 | Lair:3   | Received a gift from Okawaru
 12997 | Lair:3   | Got a polished broad axe {god gift}
 12998 | Lair:3   | Identified the +3 broad axe "Moeczoka" {speed, +Inv rElec MR-} (Okawaru gifted it to you on level 3 of the Lair of Beasts)
 13061 | Lair:3   | Found a staircase to the Swamp.
 13327 | Lair:3   | Reached XP level 13. HP: 82/85 MP: 13/13
 13403 | Lair:3   | Got a coiled turquoise ring
 13404 | Lair:3   | Identified the ring "Pefauwem" {-Tele rElec MP+9 AC+4 Stlth+} (You found it on level 3 of the Lair of Beasts)
 14364 | Lair:4   | Reached skill level 12 in Fighting
 14871 | Lair:5   | Found a viscous altar of Jiyva.
 14871 | Lair:5   | Found a staircase to the Slime Pits.
 14966 | Lair:5   | Received a gift from Okawaru
 15715 | Lair:6   | Entered Level 6 of the Lair of Beasts
 16183 | Lair:6   | Received a gift from Okawaru
 16393 | Lair:6   | Received a gift from Okawaru
 16457 | Lair:6   | Got a fine quarterstaff {god gift}
 16566 | Lair:6   | Gained mutation: Your large and strong wings let you fly indefinitely. [Gargoyle growth]
 16566 | Lair:6   | Reached XP level 14. HP: 92/92 MP: 14/14
 16573 | Lair:6   | Reached skill level 13 in Fighting
 17173 | Lair:1   | Identified the +4 quarterstaff of Floods {vamp, rPois MP-9 Str+3} (Okawaru gifted it to you on level 6 of the Lair of Beasts)
 17277 | D:12     | Found Ucono's Armour Shoppe.
 17327 | D:12     | Reached skill level 10 in Axes
 17567 | D:12     | Found a frozen archway.
 17580 | D:12     | Found Gycsorai's Gadget Boutique.
 17583 | IceCv    | Entered an ice cave
 17623 | IceCv    | Received a gift from Okawaru
 17687 | IceCv    | Got a transparent scarf {god gift}
 17698 | IceCv    | Identified the scarf of Nobility {*Contam Str+6 Dex+3 Stlth+} (Okawaru gifted it to you in an ice cave)
 17722 | IceCv    | Gained mutation: You occasionally shout uncontrollably at your foes. [mutagenic glow]
 17764 | IceCv    | Got faintly glowing ice dragon scales
 17775 | IceCv    | Identified the cursed +0 ice dragon scales "Jegeb" {rF- rC++ Dex+4} (You found it in an ice cave)
 17844 | D:12     | Found Adwebivi's Food Shoppe.
 18495 | D:13     | Noticed Azrael
 18518 | D:13     | Killed Azrael
 18518 | D:13     | Reached skill level 14 in Fighting
 19085 | D:14     | Received a gift from Okawaru
 19108 | D:14     | Reached XP level 15. HP: 26/100 MP: 15/15
 19478 | D:14     | Found a gate to the Vaults.
 19716 | D:14     | Reached skill level 10 in Armour
 19779 | D:14     | Noticed Louise
 19806 | D:14     | Killed Louise
 19864 | D:14     | Noticed Roxanne
 19882 | D:14     | Killed Roxanne
 19882 | D:14     | Received a gift from Okawaru
 19885 | D:14     | Identified Roxanne's Guide on the Mountains (You took it off Roxanne on level 14 of the Dungeon)
 19954 | D:14     | Found a shimmering altar of Xom.
 20452 | D:15     | Entered Level 15 of the Dungeon
 20484 | D:15     | Found Fuqaed's Assorted Antiques.
 20629 | D:15     | Reached skill level 15 in Fighting
 20672 | D:15     | Received a gift from Okawaru
 20675 | D:15     | Got a bloodstained lajatang {god gift}
 20813 | D:15     | Found a staircase to the Depths.
 21366 | D:15     | Received a gift from Okawaru
 21611 | Orc:1    | Entered Level 1 of the Orcish Mines
 21614 | Orc:1    | Noticed Erolcha
 21633 | Orc:1    | Killed Erolcha
 21726 | Orc:1    | Found Erimu's Antique Armour Shoppe.
 21995 | Orc:2    | Entered Level 2 of the Orcish Mines
 22029 | Orc:2    | Found a staircase to the Elven Halls.
 22518 | Orc:2    | Received a gift from Okawaru
 23313 | Orc:2    | Reached XP level 16. HP: 108/108 MP: 16/16
 23710 | Orc:2    | Found Edueb's Antique Weapon Shop.
 23713 | Orc:2    | Found Oriymusi's Assorted Antiques.
 23714 | Orc:2    | Found Fuowe's Distillery.
 23715 | Orc:2    | Found Huipp's Food Boutique.
 23988 | Swamp:1  | Entered Level 1 of the Swamp
 24154 | Swamp:1  | Received a gift from Okawaru
 24215 | Swamp:1  | Received a gift from Okawaru
 24721 | Swamp:1  | Reached skill level 16 in Fighting
 24956 | Swamp:2  | Noticed a thorn hunter
 24968 | Swamp:2  | Killed a thorn hunter
 25598 | Swamp:3  | Noticed a tentacled monstrosity
 25731 | Swamp:3  | Killed a tentacled monstrosity
 26068 | Swamp:3  | Noticed Nikola
 26096 | Swamp:3  | Killed Nikola
 26305 | Swamp:3  | Noticed a thorn hunter
 26325 | Swamp:3  | Received a gift from Okawaru
 26531 | Swamp:3  | Killed a thorn hunter
 26531 | Swamp:3  | Received a gift from Okawaru
 26779 | Swamp:3  | Noticed Bai Suzhen
 26809 | Swamp:3  | Killed Bai Suzhen
 27004 | Swamp:4  | Entered Level 4 of the Swamp
 27060 | Swamp:4  | Reached XP level 17. HP: 116/116 MP: 17/17
 27114 | Swamp:4  | Noticed Kirke
 27126 | Swamp:4  | Killed Kirke
 27392 | Swamp:4  | Noticed Aizul
 27416 | Swamp:4  | Killed Aizul
 27416 | Swamp:4  | Received a gift from Okawaru
 27981 | Swamp:4  | Reached skill level 17 in Fighting
 27997 | Swamp:4  | Slain by a seven-headed hydra simulacrum

Vault maps used:
D:1:      saegor_arrival_simple_f
D:3:      amethyst_overflow_temple_binary
D:4:      kennysheep_slug_shrine, serial_shops, nicolae_shop_waterfront
D:5:      first_bread, hangedman_abyss_or_decor_passed,
          nicolae_gozag_seed_capital
D:6:      minmay_temple_entry_mist, serial_shops, shop, minivault_10,
          st_stairs_1, lightli_minifort
D:7:      bloody_trog, basic_altar, uniq_prince_ribbit1
D:8:      serial_shops, shop, shop_coins, nicolae_shop_crystal, hangedman_ranch,
          uniq_pikel
D:9:      serial_shops, kennysheep_little_box
D:11:     kennysheep_ambush_hall, erik_lair_orcish_takeover,
          minmay_orc_entry_temple_small, uniq_sonja, uniq_fannar
D:12:     serial_ice, serial_ice_b, serial_ice_k, serial_ice_c, serial_ice_n,
          serial_ice_m, serial_ice_e, portal_ice_cave_entry_ice_beasts,
          serial_shops, nicolae_shop_waterfront, shop, shop_statue
D:13:     kennysheep_boxes, uniq_azrael
D:14:     grunt_vaults_entry_tiered, serial_park_tiny_pond, xom_teletrap_fun,
          uniq_roxanne, uniq_louise
D:15:     gammafunk_enter_depths_forms, serial_shops, shop_statue
Temple:   regret_index_temple_mists
Lair:1:   wad_woods_minihive, hangedman_lair_unloving_vines, kennysheep_rathole,
          uniq_harold, uniq_joseph
Lair:2:   spider_nest_entry_a, minmay_lair_oklob_chamber, lemuel_fruit_fields
Lair:3:   swamp_mist_pool, beast_lair_carwin_11, serial_bayou_shore_b
Lair:4:   guppyfry_lair_drakes
Lair:5:   dpeg_slime_entry_enclosed_altar, grunt_megastairs_3
Lair:6:   minmay_lair_end_enchanted_forest, lemuel_fruit_tree
Swamp:1:  evilmike_swamp_ruin_house_6
Swamp:2:  infiniplex_staircase_pool_2, swamp_pool1
Swamp:3:  infiniplex_staircase_pool, swamp_pool4, uniq_bai_suzhen, uniq_nikola
Swamp:4:  swamp_icy, swamp_pool1, uniq_aizul, uniq_kirke
Orc:1:    serial_shops, shop_fountains, uniq_erolcha
Orc:2:    st_orc_pillars
IceCv:    ice_cave_statue_garden_chambered

Skill      XL: |  1  2  3  4  5  6  7  8  9 10 11 12 13 14 15 16 17 |
---------------+----------------------------------------------------+-----
Fighting       | 4 5 6 8 9 10 11 12 14 15 16 17 | 17.0
Shields        | 4 5 7 8 10 11 12 13 14 | 14.3
Maces & Flails | 3 4 5 7 8 9 11 12 | 12.4
Armour         | 4 5 6 8 9 10 11 | 11.2
Axes           | 4 6 9 11 13 14 | 14.2
Staves         | 4 |  4.1
Dodging        | 1 3 |  3.5
Stealth        | |  0.5
Invocations    | |  0.8

Action                   |  1- 3 |  4- 6 |  7- 9 | 10-12 | 13-15 | 16-18 || total
-------------------------+-------+-------+-------+-------+-------+-------++-------
Melee: Flail             |   103 |   275 |   209 |    75 |       |       ||   662
       Hand axe          |       |       |   112 |    60 |       |       ||   172
       Quarterstaff      |       |       |       |    86 |       |       ||    86
       Morningstar       |       |       |       |   501 |    40 |    23 ||   564
       Broad axe         |       |       |       |    29 |  1377 |   244 ||  1650
       Demon whip        |       |       |       |       |    43 |   355 ||   398
Invok: Heroism           |       |       |       |     4 |     9 |     8 ||    21
       Finesse           |       |       |       |       |     1 |       ||     1
  Use: Scroll            |       |    15 |    13 |    11 |     5 |       ||    44
       Potion            |       |     1 |     2 |    13 |     9 |     7 ||    32
 Stab: Sleeping          |       |       |       |       |     1 |       ||     1
  Eat: Chunk             |       |    13 |     8 |    18 |    17 |     2 ||    58
       Fruit             |       |       |     2 |     3 |     9 |       ||    14
       Meat ration       |       |       |       |     1 |     1 |     2 ||     4
       Bread ration      |       |       |       |       |     2 |       ||     2
       Royal jelly       |       |       |       |       |       |     1 ||     1
Armor: Scale mail        |    49 |    42 |       |       |       |       ||    91
       Plate armour      |       |   174 |   262 |   187 |       |       ||   623
       Ring mail         |       |       |       |   273 |    56 |       ||   329
       Crystal plate arm |       |       |       |       |   665 |   382 ||  1047
Dodge: Dodged            |    20 |    58 |    71 |   331 |   221 |   115 ||   816
Block: Shield            |    52 |   171 |   175 |   523 |   493 |       ||  1414
       Large shield      |       |       |       |       |   330 |   493 ||   823

Table legend:
 A = Spawn XP
 B = Non-spawn XP
 C = Spawn XP percentage of total XP
 D = Spawn monster count
 E = Non-spawn monster count
 F = Spawn count percentage of total count
 G = Total turns spent on level
                    A         B        C        D         E        F      G
               +---------+---------+-------+---------+---------+-------+---------
         Total |       0 |  201976 |   0.0 |       0 |     925 |   0.0 | 27997
               +---------+---------+-------+---------+---------+-------+---------
           D:1 |       0 |      85 |   0.0 |       0 |      32 |   0.0 |   899
           D:2 |       0 |      38 |   0.0 |       0 |      18 |   0.0 |   798
           D:3 |       0 |     155 |   0.0 |       0 |      31 |   0.0 |   650
           D:4 |       0 |     215 |   0.0 |       0 |      16 |   0.0 |   956
           D:5 |       0 |      86 |   0.0 |       0 |       7 |   0.0 |   743
           D:6 |       0 |    1232 |   0.0 |       0 |      29 |   0.0 |   766
           D:7 |       0 |     915 |   0.0 |       0 |      13 |   0.0 |  1270
           D:8 |       0 |    5243 |   0.0 |       0 |      34 |   0.0 |  1149
           D:9 |       0 |    3258 |   0.0 |       0 |      32 |   0.0 |   862
          D:10 |       0 |    2071 |   0.0 |       0 |      31 |   0.0 |   644
          D:11 |       0 |    7512 |   0.0 |       0 |      60 |   0.0 |  1740
          D:12 |       0 |    9326 |   0.0 |       0 |      45 |   0.0 |   800
          D:13 |       0 |   10837 |   0.0 |       0 |      39 |   0.0 |   786
          D:14 |       0 |   22705 |   0.0 |       0 |      66 |   0.0 |  1443
          D:15 |       0 |   13496 |   0.0 |       0 |      39 |   0.0 |  1100
        Lair:1 |       0 |    6857 |   0.0 |       0 |      56 |   0.0 |  1202
        Lair:2 |       0 |    3376 |   0.0 |       0 |      14 |   0.0 |  1400
        Lair:3 |       0 |    2166 |   0.0 |       0 |      13 |   0.0 |  1002
        Lair:4 |       0 |    3047 |   0.0 |       0 |      13 |   0.0 |   956
        Lair:5 |       0 |    4250 |   0.0 |       0 |      18 |   0.0 |  1005
        Lair:6 |       0 |   18160 |   0.0 |       0 |      76 |   0.0 |  1374
       Swamp:1 |       0 |   10918 |   0.0 |       0 |      26 |   0.0 |   861
       Swamp:2 |       0 |    8094 |   0.0 |       0 |      18 |   0.0 |   700
       Swamp:3 |       0 |   23095 |   0.0 |       0 |      28 |   0.0 |  1300
       Swamp:4 |       0 |   23478 |   0.0 |       0 |      43 |   0.0 |   993
         Orc:1 |       0 |    4937 |   0.0 |       0 |      31 |   0.0 |   417
         Orc:2 |       0 |   13525 |   0.0 |       0 |      86 |   0.0 |  1772
         IceCv |       0 |    2899 |   0.0 |       0 |      11 |   0.0 |   238
               +---------+---------+-------+---------+---------+-------+---------
